 Dungeon Crawl Stone Soup version 0.16-a0-1109-gda7d4ef (webtiles) character file.

1058 JacquesDerrida the Cudgeler (level 7, -2/53 HPs)
             Began as a Demigod Skald on Oct 6, 2014.
             Slain by an orc wizard
             ... wielding a +0 dagger
              (5 damage)
             ... on level 4 of the Dungeon.
             The game lasted 00:11:17 (2978 turns).

JacquesDerrida the Cudgeler (Demigod Skald)         Turns: 2978, Time: 00:11:17

Health: -2/53      AC:  8    Str: 20    XL:     7   Next: 77%
Magic:  0/15       EV: 11    Int: 16    God:
Gold:   190        SH:  0    Dex: 19    Spells: 3 memorised, 2 levels left

rFire  . . .     SeeInvis .     i - +1 whip (freeze)
rCold  + . .     Clarity  .     E - +0 leather armour {rC+}
rNeg   + . .     SustAb   .     (no shield)
rPois  +         Gourm    .     (no helmet)
rElec  .         Spirit   .     v - +0 cloak
rCorr  .         Warding  .     q - +2 pair of gloves
rMut   .         Stasis   .     x - +0 pair of boots
MR     .....                    (no amulet)
Stlth  +.........               w - ring of poison resistance
                                s - ring of positive energy

@: mighty, very slightly contaminated, regenerating, not resistant to hostile
enchantments, very unstealthy
A: no striking features
a: no special abilities


You were on level 4 of the Dungeon.
You were hungry.

You visited 1 branch of the dungeon, and saw 4 of its levels.

You collected 190 gold pieces.

Inventory:

Hand weapons
 a - a +1 mace
 i - a +1 whip of freezing (weapon)
 u - a +1 antimagic quarterstaff
Armour
 b - a +0 leather armour
 g - a +0 pair of gloves
 q - a +2 pair of gloves (worn)
 v - a +0 cloak (worn)
 x - a +0 pair of boots (worn)
 E - a +0 leather armour of cold resistance (worn)
Magical devices
 e - a wand of digging (12)
 y - a wand of slowing (15)
Comestibles
 d - a bread ration
 f - 3 beef jerkies
 h - a slice of pizza
Scrolls
 j - 2 scrolls of identify
 r - a scroll of remove curse
Jewellery
 l - an uncursed ring of ice
 s - a ring of positive energy (left hand)
 w - a ring of poison resistance (right hand)
Potions
 p - a potion of resistance {unknown}
 B - a potion of beneficial mutation
Books
 c - a book of Battle

   Spells                             Type                      Level
   *Infusion                          Charms                       1
   Shroud of Golubria                 Charms/Translocation         2
   Song of Slaying                    Charms                       2
   *Spectral Weapon                   Hexes/Charms                 3
   *Regeneration                      Charms/Necromancy            3


   Skills:
 - Level 1.7 Fighting
 + Level 7.3 Maces & Flails
 - Level 0.8 Armour
 - Level 0.8 Dodging
 - Level 1.7 Spellcasting
 + Level 5.5 Charms


You had 2 spell levels left.
You knew the following spells:

 Your Spells              Type           Power        Failure   Level  Hunger
a - Infusion              Chrm           ###...       1%          1    ##.....
b - Regeneration          Chrm/Necr      ##........   21%         3    ####...
c - Spectral Weapon       Hex/Chrm       ##......     21%         3    ####...


Dungeon Overview and Level Annotations

Branches:
Dungeon (4/15)
 Temple: D:4-7

Shops:
D:4 *


Message History

Your skin is crawling a little less now.
You feel sick.
You are no longer poisoned.
The orc wizard casts a spell at you. The magic dart hits you!
* * * LOW HITPOINT WARNING * * *
You hit the orc wizard. You freeze the orc wizard.
The orc wizard is almost dead.
The orc wizard hits you with a dagger.
* * * LOW HITPOINT WARNING * * *
The orc wizard hits you but does no damage.
Unknown command.
Drink which item? (? for menu, Esc to quit)
Okay, then.
Drink which item? (? for menu, Esc to quit)
Okay, then.
Casting: Regeneration
Confirm with . or Enter, or press ? or * to list all spells.
Your skin crawls.
The orc wizard hits you with a dagger.
You die...

............[...## ..
...............## ..
.......o......##
......#.......##
#.....###)....##
#..∩.. #....##
......###)).## #..
........#..##########
#..
..........#o@........
...
.......####..........
.. ..... ....$......
.... ###'#######. ...
... # .... ....
.(.... #+#


You could see an orc wizard.

Vanquished Creatures
  Pikel (D:4)
  2 ogres (D:4)
  3 slaves (D:4)
  A phantom (D:4)
  A yellow wasp (D:4)
  Blork the orc (D:4)
  A hound (D:4)
  An orc wizard (D:4)
  An adder (D:4)
  5 gnolls
  A worm (D:2)
  A giant mite (D:2)
  5 orcs (D:3)
  4 giant cockroaches
  4 goblins
  9 hobgoblins
  4 jackals (D:2)
  6 kobolds
  7 bats
  2 giant geckos (D:3)
  3 giant newts (D:2)
  9 rats
72 creatures vanquished.

Vanquished Creatures (others)
  A spectral weapon (D:4)
1 creature vanquished.

Grand Total: 73 creatures vanquished

Notes
Turn   | Place    | Note
--------------------------------------------------------------
     0 | D:1      | JacquesDerrida, the Demigod Skald, began the quest for the Orb.
     0 | D:1      | Reached XP level 1. HP: 17/17 MP: 3/3
   498 | D:1      | Reached XP level 2. HP: 22/24 MP: 1/4
   858 | D:2      | Reached skill level 3 in Maces & Flails
   959 | D:2      | Reached XP level 3. HP: 18/29 MP: 1/7
   964 | D:2      | Learned a level 3 spell: Regeneration
  1063 | D:2      | Found a burning altar of Makhleb.
  1444 | D:3      | Found a snail-covered altar of Cheibriados.
  1556 | D:3      | Reached skill level 4 in Maces & Flails
  1843 | D:3      | Reached XP level 4. HP: 31/36 MP: 9/9
  1995 | D:4      | Noticed a phantom
  2017 | D:4      | HP: 1/36 [phantom (6)]
  2119 | D:4      | HP: 1/36 [phantom (9)]
  2174 | D:4      | Killed a phantom
  2174 | D:4      | Reached skill level 5 in Maces & Flails
  2174 | D:4      | Reached XP level 5. HP: 7/41 MP: 2/10
  2228 | D:4      | Noticed an ogre
  2259 | D:3      | Learned a level 3 spell: Spectral Weapon
  2424 | D:4      | Killed an ogre
  2448 | D:4      | Noticed a slave
  2492 | D:4      | Killed a slave
  2586 | D:4      | Reached XP level 6. HP: 29/48 MP: 9/13
  2682 | D:4      | Noticed an ogre
  2695 | D:4      | Killed an ogre
  2695 | D:4      | Reached skill level 6 in Maces & Flails
  2732 | D:4      | Noticed a slave
  2749 | D:4      | Killed a slave
  2758 | D:4      | Noticed a slave
  2768 | D:4      | Noticed Pikel
  2770 | D:4      | Noticed a slave
  2774 | D:4      | Killed a slave
  2793 | D:4      | Killed Pikel
  2793 | D:4      | Reached skill level 5 in Charms
  2793 | D:4      | Reached XP level 7. HP: 16/53 MP: 6/15
  2794 | D:4      | Noticed Blork the orc
  2820 | D:4      | Killed Blork the orc
  2820 | D:4      | Reached skill level 7 in Maces & Flails
  2935 | D:4      | Noticed a yellow wasp
  2936 | D:4      | Found Zin's Purification Station.
  2953 | D:4      | Killed a yellow wasp
  2977 | D:4      | HP: 1/53 [orc wizard/dagger (3)]
  2978 | D:4      | Slain by an orc wizard

Action                   |  1- 3 |  4- 6 |  7- 9 || total
-------------------------+-------+-------+-------++-------
Melee: Mace              |   186 |   117 |       ||   303
       Whip              |       |       |    49 ||    49
Throw: Throwing net      |       |     2 |       ||     2
 Cast: Infusion          |    15 |     7 |       ||    22
       Regeneration      |     1 |     2 |     5 ||     8
       Spectral Weapon   |       |     4 |     1 ||     5
  Use: Scroll            |     1 |     7 |     2 ||    10
       Potion            |     1 |     3 |     3 ||     7
 Stab: Held in net/web   |       |     1 |       ||     1
  Eat: Chunk             |     4 |     1 |     1 ||     6
       Fruit             |       |     5 |       ||     5
